 Dungeon Crawl Stone Soup version 0.20.1-1-g8b1a95d66d (webtiles) character file.

154 Peloso the Shield-Bearer (level 5, -9/36 HPs)
             Began as a Halfling Fighter on Dec 8, 2017.
             Was an Initiate of Okawaru.
             Mangled by Eustachio
             ... wielding a +0 rapier of electrocution
              (18 damage)
             ... on level 4 of the Dungeon.
             The game lasted 00:05:55 (2744 turns).

Peloso the Shield-Bearer (Halfling Fighter)         Turns: 2744, Time: 00:05:55

Health: -9/36      AC:  7    Str: 18    XL:     5   Next: 62%
Magic:  5/5        EV: 10    Int:  6    God:    Okawaru [......]
Gold:   111        SH: 10    Dex: 14    Spells: 4/4 levels left

rFire    . . .     SeeInvis .   a - +0 long sword
rCold    . . .     Gourm    .   c - +0 shield
rNeg     . . .     Faith    .   b - +0 scale mail
rPois    .         Spirit   .   (no helmet)
rElec    .         Reflect  .   (no cloak)
rCorr    .         Harm     .   (no gloves)
MR       .....                  (no boots)
Stlth    ..........             (no amulet)
Regen    0.2/turn               (no ring)
MPRegen  0.1/turn               (no ring)

@: no status effects
A: mutation resistance 1
a: Renounce Religion


You were on level 4 of the Dungeon.
You worshipped Okawaru.
Okawaru was noncommittal.
You were hungry.

You visited 1 branch of the dungeon, and saw 4 of its levels.

You collected 111 gold pieces.

Inventory:

Hand Weapons
 a - a +0 long sword (weapon)
Armour
 b - a +0 scale mail (worn)
 c - a +0 shield (worn)
Jewellery
 h - an uncursed ring of stealth {unknown}
Scrolls
 e - a scroll of identify {unknown}
 g - a scroll of recharging {unknown}
 i - a scroll of immolation {unknown}
 j - a scroll of blinking {unknown}
 n - 2 scrolls of teleportation {unknown}
Potions
 d - a potion of might
 k - a potion of heal wounds {unknown}
 l - 2 potions of lignification {unknown}
 m - a potion of agility {unknown}
 p - a potion of brilliance {unknown}
Comestibles
 f - a bread ration
 o - a meat ration


   Skills:
 + Level 3.2 Fighting
 + Level 3.5 Long Blades
 + Level 3.7 Armour
 + Level 1.4 Dodging
 + Level 4.2 Shields


You had 4 spell levels left.
You didn't know any spells.

Dungeon Overview and Level Annotations

Branches:
Dungeon (4/15)
 Temple: D:4-7

Altars:
Okawaru

Annotations:
D:4 Eustachio


Innate Abilities, Weirdness & Mutations

You are small and have problems with some larger weapons.
You are somewhat resistant to further mutation.


Message History

Eustachio hits you but does no damage.
You barely miss Eustachio.
Eustachio is moderately wounded.
You block Eustachio's attack. The rat bites you but does no damage.
You completely miss Eustachio.
Eustachio is moderately wounded.
Eustachio mumbles some strange words.
The rat bites you but does no damage. Eustachio completely misses you.
You barely miss Eustachio.
Eustachio is moderately wounded.
The rat bites you but does no damage.
Eustachio hits you with a rapier of electrocution.
The rat bites you but does no damage. The rat bites you but does no damage.
There is a stone staircase leading up here.
Eustachio hits you with a rapier of electrocution.
* * * LOW HITPOINT WARNING * * *
You are electrocuted!
Ouch! That really hurt!
You die...

#..# .# #..# !#
##..###.######
..... .......
... ..... #.#
...
#########.###.#
........†5b@@.#
......###5##r.#
..... #........
....
#####.#...# ...
.#...# .. .#
.... . .# .##
.# ##


You could see Eustachio, a quasit, a shadow imp, a bat and a rat.

Vanquished Creatures
  A worker ant (D:4)
  5 adders
  An ooze (D:3)
  2 worms (D:2)
  A dart slug (D:2)
  3 leopard geckos
  2 orcs (D:3)
  13 bats
  4 giant cockroaches
  9 goblins
  6 hobgoblins
  3 quokkas
  A ball python (D:3)
  2 frilled lizards (D:2)
  10 kobolds
  8 rats
71 creatures vanquished.

Notes
Turn   | Place    | Note
-------+----------+-------------------------------------------
     0 | D:1      | Peloso the Halfling Fighter began the quest for the Orb.
     0 | D:1      | Reached XP level 1. HP: 15/15 MP: 1/1
    72 | D:1      | Reached XP level 2. HP: 19/20 MP: 2/2
   197 | D:1      | Reached XP level 3. HP: 21/26 MP: 3/3
   381 | D:1      | You fall through a shaft!
  1047 | D:2      | Reached XP level 4. HP: 15/31 MP: 4/4
  1081 | D:2      | Found an iron altar of Okawaru.
  1193 | D:2      | Became a worshipper of Warmaster Okawaru
  1346 | D:2      | Reached skill level 4 in Shields
  1460 | D:2      | Reached skill level 1 in Dodging
  1839 | D:3      | Reached XP level 5. HP: 15/36 MP: 5/5
  2585 | D:4      | Noticed Eustachio
  2744 | D:4      | Mangled by Eustachio

Skill      XL: |  1  2  3  4 |
---------------+-------------+-----
Fighting       | 3 |  3.2
Shields        | 4 |  4.2
Dodging        | 1 |  1.4
Long Blades    | 3 |  3.5
Armour         | |  3.7

Action                   |  1- 3 |  4- 6 || total
-------------------------+-------+-------++-------
Melee: Long sword        |   121 |   162 ||   283
  Use: Potion            |     1 |       ||     1
  Eat: Chunk             |       |     6 ||     6
Armor: Scale mail        |    74 |    57 ||   131
Dodge: Dodged            |    59 |    64 ||   123
Block: Shield            |    90 |   103 ||   193
       Rpst.: Long sword |    17 |    20 ||    37
